 Dungeon Crawl Stone Soup version 0.31-a0-18-gea43df2a32 (webtiles) character file.

Game seed: 14107815143216589490

1 demibob the Trooper (level 1, 6/16 HPs)
             Began as a Demonspawn Wanderer on May 3, 2023.
             Quit the game on level 1 of the Dungeon on May 9, 2023.
             The game lasted 00:00:20 (63 turns).

demibob the Trooper (Demonspawn Wanderer)             Turns: 63, Time: 00:00:20

Health: 6/16       AC:  5    Str: 16    XL:     1   Next: 16%
Magic:  2/2        EV: 10    Int: 12    God:
Gold:   0          SH:  0    Dex:  9    Spells: 1/2 levels left

rFire   . . .        a - +0 club
rCold   . . .        (no shield)
rNeg    . . .        b - +0 ring mail
rPois   .            (no helmet)
rElec   .            (no cloak)
rCorr   .            (no gloves)
SInv    .            (no boots)
Will    .....        (no amulet)
Stlth   +            (no ring)
HPRegen 0.22/turn    (no ring)
MPRegen 0.08/turn

%: no passive effects
@: no status effects
A: no striking features
a: no special abilities


You were on level 1 of the Dungeon.
You visited 1 branch of the dungeon, and saw 1 of its levels.


   Skills:
 + Level 2.0 Fighting
 + Level 1.0 Throwing
 + Level 1.7 Armour
 + Level 1.0 Stealth
 + Level 1.0 Spellcasting
 + Level 1.7 Translocations
 + Level 1.0 Evocations


You had one spell level left.
You knew the following spells:

 Your Spells              Type           Power      Damage    Failure   Level
a - Apportation           Tloc           8%         N/A       26%         1

Your spell library contained the following spells:

 Spells                   Type           Power      Damage    Failure   Level
 Manifold Assault         Tloc           4%         N/A       95%         4
 Passage of Golubria      Tloc           4%         N/A       95%         4

Inventory:

Hand Weapons
 a - a +0 club (weapon)
Armour
 b - a +0 ring mail (worn)
Scrolls
 d - a scroll of teleportation {@r2}
Potions
 c - a potion of lignification

Dungeon Overview and Level Annotations

Branches:
Dungeon (1/15)

Altars:

#.......(.##
#####.#####
###...#.#
.....#># #...#.#
#.##.##
#.....##.#
#...#....#
#@....####
#....rgg........
#!#####..#######
#..# #..# ...#
##.## #..


You could see a quokka, a hobgoblin and a goblin.


Message History

The goblin hits you with a +0 dagger.
* * * LOW HITPOINT WARNING * * *
The hobgoblin hits you but does no damage.
The goblin hits you with a +0 dagger.
* * * LOW HITPOINT WARNING * * *
You are too injured to fight recklessly!
You are too injured to fight recklessly!
You are too injured to fight recklessly!
You are too injured to fight recklessly!
You are too injured to fight recklessly!
You are too injured to fight recklessly!
You are too injured to fight recklessly!
You are too injured to fight recklessly!
You are too injured to fight recklessly!
You are too injured to fight recklessly!
You are too injured to fight recklessly!
You are too injured to fight recklessly!
You are too injured to fight recklessly!
You are too injured to fight recklessly!
You are too injured to fight recklessly!
You are too injured to fight recklessly!
You are too injured to fight recklessly!
You are too injured to fight recklessly!
Are you sure you want to abandon this character and quit the game? (Confirm with "yes".)
Okay, then.
Unknown command.
Unknown command.
Welcome back, demibob the Demonspawn Wanderer.
Press ? for a list of commands and other information.
Are you sure you want to abandon this character and quit the game? (Confirm with "yes".)

Action                     || total
---------------------------++-------
  Melee: Club              ||    10
 Armour: Ring mail         ||     9
  Dodge: Dodged            ||     8

Levels and vault maps discovered:
D:1:      saegor_arrival_under_anarchy, layout_loops_ring,
          hellmonk_ecumenical_altar_inner_sanctum

Notes
Turn   | Place    | Note
-------+----------+-------------------------------------------
     0 | D:1      | demibob the Demonspawn Wanderer began the quest for the
                  | Orb.
     0 | D:1      | demibob set off with the following items: a +0 club, a +0
                  | ring mail, a potion of lignification, a scroll of
                  | teleportation {@r2}; and the following spell memorised:
                  | Apportation; and the following spells available to
                  | memorise: Manifold Assault, Passage of Golubria.
     0 | D:1      | Reached XP level 1. HP: 16/16 MP: 2/2
    63 | D:1      | Upgraded the game from 0.31-a0-1-g4198be8af4 to
                  | 0.31-a0-18-gea43df2a32
    63 | D:1      | Quit the game

Vanquished Creatures
  A ball python (D:1)
1 creature vanquished.

Table legend: (Time is in decaauts)
 A = Elapsed time spent in this place.
 B = Non-inter-level travel time spent in this place.
 C = Inter-level travel time spent in this place.
 D = Time resting spent in this place.
 E = Time spent auto-exploring this place.
 F = Levels seen in this place.
 G = Mean time per level.
                   A        B        C        D        E       F      G
               +--------+--------+--------+--------+--------+-----+--------+
         Total |     66 |     66 |      0 |      0 |     45 |   1 |   66.0 |
       Dungeon |     66 |     66 |      0 |      0 |     45 |   1 |   66.0 |
               +--------+--------+--------+--------+--------+-----+--------+

Top non-repeatable levels by time:
     D:1: 66 daAuts

Table legend:
 A = Non-vault XP
 B = Vault XP
 C = Vault XP percentage of total XP
 D = Non-vault monster count
 E = Vault monster count
 F = Vault count percentage of total count
                 A         B        C        D         E       F
            +---------+---------+-------+---------+---------+-------
      Total |       2 |       0 |   0.0 |       1 |       0 |   0.0
            +---------+---------+-------+---------+---------+-------
        D:1 |       2 |       0 |   0.0 |       1 |       0 |   0.0
            +---------+---------+-------+---------+---------+-------
